 Dungeon Crawl Stone Soup version 0.22-a0-612-gd2f0174 (webtiles) character file.

25 iamserjio the Chopper (level 3, 0/34 HPs)
             Began as a Naga Berserker on July 11, 2018.
             Was a Follower of Trog.
             Slain by an adder (3 damage)
             ... on level 2 of the Dungeon.
             The game lasted 00:02:15 (246 turns).

iamserjio the Chopper (Naga Berserker)               Turns: 246, Time: 00:02:16

Health: 0/34       AC:  3    Str: 19    XL:     3   Next: 6%
Magic:  3/3        EV:  9    Int:  8    God:    Trog [*.....]
Gold:   24         SH:  0    Dex: 10    Spells: 2/2 levels left

rFire    . . .     SeeInvis +   a - +0 hand axe
rCold    . . .     Gourm    .   (no shield)
rNeg     . . .     Faith    .   g - +0 ring mail (curse)
rPois    +         Spirit   .   (no helmet)
rElec    .         Reflect  .   (no cloak)
rCorr    .         Harm     .   (no gloves)
MR       .....                  (no barding)
Stlth    +.........             (no amulet)
HPRegen  0.11/turn              (no ring)
MPRegen  0.08/turn              (no ring)

@: short of breath, very slow
A: large, see invisible, deformed body, poison resistance, slowness 2, slow
metabolism 1, spit poison 1, AC +1
a: Spit Poison, Berserk, Renounce Religion


You were on level 2 of the Dungeon.
You worshipped Trog.
Trog was aware of your devotion.
You were not hungry.

You visited 1 branch of the dungeon, and saw 2 of its levels.

You collected 24 gold pieces.

Inventory:

Hand Weapons
 a - a +0 hand axe (weapon)
Missiles
 d - 6 silver javelins (quivered)
Armour
 b - a +0 animal skin
 g - a cursed +0 ring mail (worn)
Scrolls
 e - a scroll of identify {unknown}
Potions
 h - 2 potions of brilliance {unknown}
Comestibles
 c - 5 rations
 f - a chunk of flesh


   Skills:
 + Level 3.2 Fighting
 * Level 3.4 Axes
 + Level 1.9 Armour
 - Level 1.5 Dodging
 + Level 1.6 Stealth


You had 2 spell levels left.
You didn't know any spells.
Your spell library was empty.

Dungeon Overview and Level Annotations

Branches:
Dungeon (2/15)

Altars:


Innate Abilities, Weirdness & Mutations

You cannot wear boots.
Your serpentine skin is tough. (AC +1)
You have supernaturally acute eyesight. (SInv)
Armour fits poorly on your strangely shaped body.
Your system is resistant to poisons. (rPois)
You cover ground very slowly.
You have a slow metabolism.
You can spit poison.


Message History

You closely miss the adder. The adder bites you.
* * * LOW HITPOINT WARNING * * *
You miss the adder. The adder barely misses you. The adder bites you.
* * * LOW HITPOINT WARNING * * *
You miss the adder. The adder bites you.
* * * LOW HITPOINT WARNING * * *
You hit the adder but do no damage. The adder barely misses you.
The adder bites you but does no damage.
You slash the adder!
The adder is almost dead.
The adder bites you.
* * * LOW HITPOINT WARNING * * *
Press: ? - help, Shift-Dir - straight line, f - adder
Aim: an adder (almost dead)
The splash of poison misses the adder.
You feel slightly more hungry. The adder closely misses you.
You closely miss the adder.
The adder is almost dead.
The adder bites you.
You die...

##..### .. .... # .....
.#.####.... # ##.#
..........# ####..# #..
......### ......# #.#
.....$..
......######.###.....#..
..............##........
......###.......S.......
......##........@#...
#.####...........#
......†##.........#
.......##............
......###........#####
####### ##########


You could see an adder.

Vanquished Creatures
  An adder (D:2)
  A worm (D:2)
  A bat (D:2)
  2 goblins (D:1)
  A frilled lizard (D:2)
  6 kobolds
  4 rats
16 creatures vanquished.

Notes
Turn   | Place    | Note
-------+----------+-------------------------------------------
     0 | D:1      | iamserjio the Naga Berserker began the quest for the Orb.
     0 | D:1      | Reached XP level 1. HP: 21/21 MP: 1/1
    59 | D:2      | Reached XP level 2. HP: 9/28 MP: 2/2
    60 | D:2      | Reached skill level 1 in Stealth
   166 | D:2      | Reached XP level 3. HP: 8/34 MP: 3/3
   246 | D:2      | Slain by an adder

Vault maps used:
D:1:      saegor_arrival_simple_b, serial_glass, glass_columns_a,
          glass_columns_a
D:2:      chequers_ecumenical_altar_simple, kennysheep_decorative_pillar

Skill      XL: |  1  2 |
---------------+-------+-----
Stealth        | 1 |  1.6
Fighting       | |  3.2
Axes           | |  3.4
Armour         | |  1.9
Dodging        | |  1.5

Action                   || total
-------------------------++-------
Melee: Hand axe          ||    50
Invok: Berserk           ||     2
 Abil: Spit Poison       ||     6
Armor: Animal skin       ||     2
       Ring mail         ||     4
Dodge: Dodged            ||    29

Table legend:
 A = Spawn XP
 B = Non-spawn XP
 C = Spawn XP percentage of total XP
 D = Spawn monster count
 E = Non-spawn monster count
 F = Spawn count percentage of total count
 G = Total turns spent on level
                    A         B        C        D         E        F      G
               +---------+---------+-------+---------+---------+-------+---------
         Total |       0 |      37 |   0.0 |       0 |      16 |   0.0 |   246
               +---------+---------+-------+---------+---------+-------+---------
           D:1 |       0 |       9 |   0.0 |       0 |       6 |   0.0 |    74
           D:2 |       0 |      28 |   0.0 |       0 |      10 |   0.0 |   172
               +---------+---------+-------+---------+---------+-------+---------
